[Event "ICCopen2016"]
[Site "Internet Chess Club"]
[Date "2016.06.04"]
[Round "5"]
[White "flinkfinger"]
[Black "Giantvin"]
[Result "1-0"]
[ICCResult "Black resigns"]
[WhiteElo "2171"]
[BlackElo "1792"]
[Opening "English: Neo-Catalan declined"]
[ECO "E06"]
[NIC "CA.05"]
[Time "14:43:51"]
[TimeControl "180+0"]

1. Nf3 d5 2. c4 e6 3. g3 Nf6 4. Bg2 Be7 5. O-O O-O 6. d4 dxc4 7. Qc2 Nc6 8.
Qxc4 a6 9. Nc3 Bd7 10. Bf4 Rc8 11. Rfd1 Bd6 12. Ne5 Qe7 13. Nxd7 Qxd7 14.
Bxc6 Qxc6 15. Qxc6 bxc6 16. Bg5 Nd5 17. Ne4 f5 18. Nd2 h6 19. Be3 Nxe3 20.
fxe3 c5 21. Rac1 cxd4 22. exd4 f4 23. g4 c5 24. Ne4 Be7 25. dxc5 Rc7 26. b4
f3 27. exf3 Rxf3 28. Kg2 Ra3 29. Rc2 a5 30. bxa5 Rxa5 31. c6 Ra6 32. Rd7
Rxd7 33. cxd7 Ra8 34. Rc8+ {Black resigns} 1-0

[Event "ICCopen2016"]
[Site "Internet Chess Club"]
[Date "2016.06.04"]
[Round "5"]
[White "TURNER"]
[Black "The7thGuest"]
[Result "1/2-1/2"]
[ICCResult "Game drawn by repetition"]
[WhiteElo "1822"]
[BlackElo "2155"]
[Opening "Sicilian: closed"]
[ECO "B23"]
[NIC "SI.44"]
[Time "14:44:27"]
[TimeControl "180+0"]

1. e4 c5 2. Nc3 e6 3. Nf3 d5 4. Bb5+ Nc6 5. exd5 exd5 6. Qe2+ Be7 7. Ne5 Bd7
8. Nxd7 Qxd7 9. O-O Nf6 10. d3 O-O 11. Re1 Rfe8 12. h3 a6 13. Bxc6 Qxc6 14.
Qf3 b5 15. Bg5 Rad8 16. Re5 Qd6 17. Bxf6 Bxf6 18. Rxd5 Qf8 19. Rxd8 Rxd8 20.
Re1 Bxc3 21. bxc3 g6 22. Qf6 Re8 23. Rxe8 Qxe8 24. Qxa6 Qe1+ 25. Kh2 Qxf2
26. Qxb5 Qf4+ 27. Kg1 Qc1+ 28. Kh2 Qf4+ 29. Kg1 Qc1+ 30. Kh2 Qf4+
{Game drawn by repetition}
1/2-1/2

[Event "ICCopen2016"]
[Site "Internet Chess Club"]
[Date "2016.06.04"]
[Round "5"]
[White "BigCol"]
[Black "DropZone"]
[Result "0-1"]
[ICCResult "White resigns"]
[WhiteElo "1751"]
[BlackElo "2094"]
[Opening "Old Benoni defense"]
[ECO "A43"]
[NIC "OI.09"]
[Time "14:44:38"]
[TimeControl "180+0"]

1. d4 c5 2. Nf3 cxd4 3. Nxd4 d5 4. c3 e5 5. Nf3 Nc6 6. Bg5 f6 7. Bh4 Be6 8.
e3 Nh6 9. h3 Nf5 10. Bd3 e4 11. g4 Nxh4 12. Nxh4 exd3 13. Qxd3 Be7 14. Nd2
Qd7 15. O-O-O O-O 16. f4 Rac8 17. Nhf3 Bf7 18. Kb1 Rfe8 19. Ka1 Bc5 20. Rde1
Re7 21. Nd4 Nxd4 22. exd4 Rxe1+ 23. Rxe1 Bd6 24. f5 Re8 25. Rg1 h6 26. a3
Qe7 27. h4 Qe3 28. Qxe3 Rxe3 29. g5 hxg5 30. hxg5 fxg5 31. Rxg5 Rg3 32. Rxg3
Bxg3 33. Kb1 Bf4 34. Kc2 Bxd2 35. Kxd2 Bh5 36. Ke3 Kf7 37. Kf4 Kf6 38. b3
Bd1 39. c4 Bxb3 40. cxd5 Bxd5 {White resigns} 0-1

[Event "ICCopen2016"]
[Site "Internet Chess Club"]
[Date "2016.06.04"]
[Round "5"]
[White "jefferyx"]
[Black "chessrex"]
[Result "1-0"]
[ICCResult "Black checkmated"]
[WhiteElo "2702"]
[BlackElo "1940"]
[Opening "Polish (Sokolsky) opening"]
[ECO "A00"]
[NIC "VO.10"]
[Time "14:44:07"]
[TimeControl "180+0"]

1. b4 d5 2. e3 c6 3. Bb2 Nf6 4. a3 Bf5 5. Be2 Qd7 6. Nf3 e6 7. Ne5 Qc7 8. g4
Bg6 9. h4 h5 10. Nxg6 fxg6 11. Bxf6 gxf6 12. gxh5 Qe5 13. d4 Qe4 14. Bf3 Qf5
15. Bg4 Qe4 16. Rg1 gxh5 17. Bxh5+ Kd7 18. Bg4 Rxh4 19. Nc3 Qh7 20. e4 dxe4
21. d5 f5 22. dxe6+ Kxe6 23. Qd8 Be7 24. Qc8+ Kf6 25. O-O-O Rxg4 26. Rxg4
fxg4 27. Qxb7 Kf5 28. Qxa8 Bg5+ 29. Kb1 Nd7 30. Qxc6 Nf6 31. Rd6 Qh1+ 32.
Ka2 Qc1 33. Ne2 Qe1 34. Ng3+ Kg6 35. Qe8+ Kg7 36. Nf5+ Kh7 37. Qf7+ Kh8 38.
Qg7# {Black checkmated} 1-0

[Event "ICCopen2016"]
[Site "Internet Chess Club"]
[Date "2016.06.04"]
[Round "5"]
[White "VisualEYES"]
[Black "JimboPi"]
[Result "1-0"]
[ICCResult "Black checkmated"]
[WhiteElo "2029"]
[BlackElo "1665"]
[Opening "QGD: exchange, positional line, 5...c6"]
[ECO "D35"]
[NIC "QO.16"]
[Time "14:44:26"]
[TimeControl "180+0"]

1. d4 Nf6 2. c4 e6 3. Nc3 d5 4. cxd5 exd5 5. Bg5 c6 6. e3 Be7 7. Qc2 h6 8.
Bh4 Nbd7 9. Bd3 b5 10. Nf3 Nb6 11. O-O Be6 12. Ne5 Rc8 13. a4 b4 14. a5 bxc3
15. axb6 axb6 16. Qxc3 c5 17. Bb5+ Nd7 18. Bxe7 Qxe7 19. Ra7 Rd8 20. Nc6 Qd6
21. Nxd8 Kxd8 22. Bxd7 Bxd7 23. Ra8+ Bc8 24. dxc5 bxc5 25. Qxg7 Re8 26. Qxf7
Re7 27. Qf8+ Re8 28. Qxd6# {Black checkmated} 1-0

[Event "ICCopen2016"]
[Site "Internet Chess Club"]
[Date "2016.06.04"]
[Round "5"]
[White "kamalchandran"]
[Black "Baltimora"]
[Result "1/2-1/2"]
[ICCResult "Game drawn by repetition"]
[WhiteElo "1864"]
[BlackElo "2291"]
[Opening "French: Winawer, Petrosian variation"]
[ECO "C16"]
[NIC "FR.09"]
[Time "14:44:53"]
[TimeControl "180+0"]

1. e4 e6 2. d4 d5 3. Nc3 Bb4 4. e5 Qd7 5. a3 Bxc3+ 6. bxc3 b6 7. f4 Ba6 8.
Bxa6 Nxa6 9. Nf3 Ne7 10. O-O O-O-O 11. Qe2 Nb8 12. a4 Nbc6 13. Ba3 Na5 14.
Bb4 Nc4 15. Nd2 Nxd2 16. Qxd2 Nc6 17. Qd3 Kb7 18. a5 g6 19. axb6 cxb6 20.
Qa6+ Ka8 21. Rfb1 Qb7 22. Qa4 Rc8 23. Bc5 Kb8 24. Bd6+ Ka8 25. Bc5 Kb8 26.
Bd6+ Ka8 27. Bc5 Kb8 {Game drawn by repetition} 1/2-1/2

[Event "ICCopen2016"]
[Site "Internet Chess Club"]
[Date "2016.06.04"]
[Round "5"]
[White "Johndenver"]
[Black "Badigo"]
[Result "1-0"]
[ICCResult "Black resigns"]
[WhiteElo "1773"]
[BlackElo "2179"]
[Opening "Queen's gambit accepted"]
[ECO "D20"]
[NIC "QG.03"]
[Time "14:43:46"]
[TimeControl "180+0"]

1. d4 d5 2. c4 dxc4 3. e3 e6 4. Bxc4 c5 5. Nf3 a6 6. a4 Nf6 7. Nc3 Nc6 8.
O-O cxd4 9. exd4 Nb4 10. Bg5 Be7 11. Re1 O-O 12. Ne5 Nfd5 13. Bxe7 Nxe7 14.
Ra3 b6 15. Ne4 Bb7 16. Rh3 Nf5 17. Nxf7 Qxd4 18. Qh5 h6 19. Bxe6 Rxf7 20.
Qxf7+ Kh8 21. Bxf5 Nc2 22. Rxh6+ {Black resigns} 1-0

[Event "ICCopen2016"]
[Site "Internet Chess Club"]
[Date "2016.06.04"]
[Round "5"]
[White "motipen"]
[Black "ROWLAND"]
[Result "1-0"]
[ICCResult "Black resigns"]
[WhiteElo "1854"]
[BlackElo "1550"]
[Opening "King's Indian: Four pawns attack, dynamic line"]
[ECO "E76"]
[NIC "KI.55"]
[Time "14:45:27"]
[TimeControl "180+0"]

1. d4 Nf6 2. c4 g6 3. Nc3 Bg7 4. e4 d6 5. f4 O-O 6. Nf3 c5 7. d5 b5 8. cxb5
a6 9. a4 axb5 10. Bxb5 Nxe4 11. Nxe4 Qa5+ 12. Bd2 Qa7 13. Bc3 Ba6 14. Bxg7
Kxg7 15. O-O Bxb5 16. axb5 Qb7 17. Rxa8 Qxa8 18. Nc3 Nd7 19. Re1 Re8 20. Qa4
Qb7 21. Qa6 Qb6 22. Qxb6 Nxb6 23. Nd2 Kf8 24. b3 e5 25. fxe5 Rxe5 26. Rxe5
dxe5 27. Nc4 Ke7 28. Nxb6 {Black resigns} 1-0

[Event "ICCopen2016"]
[Site "Internet Chess Club"]
[Date "2016.06.04"]
[Round "5"]
[White "kfactor"]
[Black "SuperGMBobbyF"]
[Result "0-1"]
[ICCResult "White checkmated"]
[WhiteElo "1369"]
[BlackElo "1239"]
[Opening "Sicilian defense"]
[ECO "B20"]
[NIC "SI.48"]
[Time "14:44:08"]
[TimeControl "180+0"]

1. e4 c5 2. d3 Nc6 3. f3 g6 4. g3 Bg7 5. h4 e6 6. Qe2 d6 7. Bh3 Nge7 8. Qg2
Nd4 9. c3 Nc2+ 10. Qxc2 Qb6 11. Be3 Bd7 12. Bc1 Nc6 13. Nd2 Ne5 14. f4 Nc6
15. Rb1 Na5 16. b3 d5 17. c4 dxc4 18. Nxc4 Nxc4 19. dxc4 O-O-O 20. Bb2 Qa5+
21. Kf1 Bd4 22. Bxd4 cxd4 23. Nf3 Bc6 24. Qd3 f5 25. e5 Bxf3 26. Qxf3 d3 27.
Rd1 Qxa2 28. Qf2 d2 29. Qc5+ Kb8 30. b4 Qb3 31. Rh2 Qxd1+ 32. Kg2 Qe2+ 33.
Kh1 d1=Q+ 34. Bf1 Qdxf1+ 35. Qg1 Qef3+ 36. Rg2 Q1xg2+ 37. Qxg2 Rd1+ 38. Kh2
Qxg2+ 39. Kxg2 Rc1 40. Kf3 Rxc4 41. g4 Rxb4 42. gxf5 gxf5 43. h5 Rc8 44. h6
Rc3+ 45. Ke2 Rb2+ 46. Kd1 Rh3 47. Kc1 Re2 48. Kd1 Ra2 49. Kc1 Rh1#
{White checkmated}
0-1

[Event "ICCopen2016"]
[Site "Internet Chess Club"]
[Date "2016.06.04"]
[Round "5"]
[White "Xadrez47"]
[Black "Ecuadorian"]
[Result "1-0"]
[ICCResult "Black checkmated"]
[WhiteElo "1482"]
[BlackElo "1707"]
[Opening "Blackmar-Diemer: Euwe defense"]
[ECO "C10"]
[NIC "FR.04"]
[Time "14:43:47"]
[TimeControl "180+0"]

1. d4 d5 2. e4 e6 3. Nc3 dxe4 4. f3 exf3 5. Nxf3 Nf6 6. Bg5 Be7 7. Bd3 Nc6
8. Ne2 Qd5 9. c3 h6 10. Bxf6 gxf6 11. Nf4 Qd8 12. O-O h5 13. Ng6 fxg6 14.
Bxg6+ Kf8 15. Qe1 Kg7 16. Bc2 Qd5 17. Qg3+ Kf8 18. Rae1 Rg8 19. Qh3 Bd7 20.
Ne5 Be8 21. Bb3 Qxg2+ 22. Qxg2 Rxg2+ 23. Kxg2 Bf7 24. Nxf7 Kxf7 25. Bxe6+
Kg7 26. Rg1 Nd8 27. Kh3+ Kf8 28. Rg8# {Black checkmated} 1-0

[Event "ICCopen2016"]
[Site "Internet Chess Club"]
[Date "2016.06.04"]
[Round "5"]
[White "Maxbet"]
[Black "Sam08"]
[Result "1-0"]
[ICCResult "Black resigns"]
[WhiteElo "2901"]
[BlackElo "2397"]
[Opening "Dutch"]
[ECO "A80"]
[NIC "HD.12"]
[Time "14:44:31"]
[TimeControl "180+0"]

1. d4 f5 2. Nc3 Nf6 3. Bg5 d5 4. Bxf6 exf6 5. e3 Be6 6. Qf3 Qd7 7. Bb5 c6 8.
Bd3 Bd6 9. Nge2 O-O 10. h3 g6 11. O-O-O b5 12. Rdg1 b4 13. Na4 Qe7 14. g4
fxg4 15. hxg4 Nd7 16. Nf4 Nb6 17. Nc5 Bxc5 18. dxc5 Nd7 19. Qh3 Nxc5 20.
Bxg6 Rf7 21. Bxf7+ Qxf7 22. Qh6 Qg7 23. g5 Qxh6 24. Rxh6 Bf5 25. Rxf6 Be4
26. Rxc6 {Black resigns} 1-0

[Event "ICCopen2016"]
[Site "Internet Chess Club"]
[Date "2016.06.04"]
[Round "5"]
[White "gsvc"]
[Black "BitsofKoin"]
[Result "1-0"]
[ICCResult "Black checkmated"]
[WhiteElo "2840"]
[BlackElo "2343"]
[Opening "Scandinavian defense"]
[ECO "B01"]
[NIC "SD.03"]
[Time "14:44:50"]
[TimeControl "180+0"]

1. e4 d5 2. exd5 Nf6 3. Bb5+ Nbd7 4. c4 a6 5. Ba4 b5 6. cxb5 Nxd5 7. Nc3
N5b6 8. Bb3 axb5 9. d4 b4 10. Ne4 e6 11. Nf3 Ba6 12. Qc2 Be7 13. Neg5 h6 14.
Nxe6 fxe6 15. Bxe6 Kf8 16. Qf5+ Nf6 17. Qf4 Qd6 18. Qf5 Re8 19. Ne5 Ra8 20.
Ng6+ Ke8 21. Nxh8 Qxd4 22. Qg6+ Kd8 23. Nf7+ Ke8 24. Nd6+ Kd8 25. Qe8+ Nxe8
26. Nf7# {Black checkmated} 1-0

[Event "ICCopen2016"]
[Site "Internet Chess Club"]
[Date "2016.06.04"]
[Round "5"]
[White "LordofSwords"]
[Black "dhar2603"]
[Result "1-0"]
[ICCResult "Black checkmated"]
[WhiteElo "2125"]
[BlackElo "1845"]
[Opening "Owen defense"]
[ECO "B00"]
[NIC "VO.01"]
[Time "14:44:50"]
[TimeControl "180+0"]

1. e4 b6 2. d4 Bb7 3. Nc3 e6 4. g3 d6 5. Bg2 g6 6. Nge2 Bg7 7. O-O Ne7 8.
Be3 O-O 9. Qd2 Nd7 10. Rad1 f5 11. f3 fxe4 12. fxe4 Nf6 13. h3 Rb8 14. Nf4
e5 15. Ne6 Qe8 16. Nxg7 Kxg7 17. Bh6+ Kg8 18. Bxf8 Qxf8 19. dxe5 dxe5 20.
Qg5 Kg7 21. Qxe5 Nc6 22. Rd7+ Kh6 23. Qf4+ g5 24. Qxf6+ Qxf6 25. Rxf6+ Kh5
26. Rxh7# {Black checkmated} 1-0

[Event "ICCopen2016"]
[Site "Internet Chess Club"]
[Date "2016.06.04"]
[Round "5"]
[White "Desideratum"]
[Black "afgano45"]
[Result "0-1"]
[ICCResult "White checkmated"]
[WhiteElo "1644"]
[BlackElo "1958"]
[Opening "Sicilian defense"]
[ECO "B20"]
[NIC "SI.48"]
[Time "14:45:17"]
[TimeControl "180+0"]

1. e4 c5 2. e5 Nc6 3. f4 g6 4. Nf3 Bg7 5. Bb5 d6 6. Bxc6+ bxc6 7. d3 Nh6 8.
h3 O-O 9. g4 f6 10. O-O fxe5 11. fxe5 Nxg4 12. hxg4 Bxg4 13. Bg5 Bxe5 14.
Nc3 Qd7 15. Bh6 Rf5 16. Ne4 Rh5 17. Bg5 Rf8 18. Ned2 Rh3 19. Qe1 Bxf3 20.
Nxf3 Qg4+ 21. Kf2 Rhxf3+ 22. Ke2 Rf2+ 23. Ke3 Bd4# {White checkmated} 0-1

[Event "ICCopen2016"]
[Site "Internet Chess Club"]
[Date "2016.06.04"]
[Round "5"]
[White "WoodTree"]
[Black "Bochkarev"]
[Result "0-1"]
[ICCResult "White resigns"]
[WhiteElo "2359"]
[BlackElo "2793"]
[Opening "English: symmetrical variation"]
[ECO "A30"]
[NIC "EO.64"]
[Time "14:44:20"]
[TimeControl "180+0"]

1. c4 c5 2. Nf3 Nc6 3. b3 d6 4. Bb2 e5 5. d3 g6 6. Nbd2 Bg7 7. e3 Nge7 8.
Qc2 O-O 9. a3 a6 10. Be2 h6 11. h3 Be6 12. g4 b5 13. Rg1 Rc8 14. Rc1 Qd7 15.
Qb1 Rfd8 16. Ne4 Na5 17. Nfd2 Rb8 18. Qc2 Qb7 19. Bc3 Qb6 20. h4 d5 21. cxd5
Nxd5 22. Ba1 Rbc8 23. g5 h5 24. Nf6+ Nxf6 25. gxf6 Bxf6 26. Bxh5 c4 27. dxc4
bxc4 28. Bxg6 Kf8 29. b4 Nb3 30. Ne4 Bxh4 31. Bxe5 Qxe3+ 32. Kf1 Bh3+ 33.
Rg2 Qxc1+ 34. Qxc1 Bxg2+ 35. Kxg2 Nxc1 36. Bf5 Nd3 37. Bc3 Be7 38. Bxc8 Rxc8
39. Kf3 Ke8 40. Ke3 Kd7 41. Ng3 Ke6 42. f4 Nxf4 43. Kxf4 Bd6+ 44. Kf3 Bxg3
45. Kxg3 Rd8 46. Kf4 Rd3 {White resigns} 0-1

[Event "ICCopen2016"]
[Site "Internet Chess Club"]
[Date "2016.06.04"]
[Round "5"]
[White "cstefan"]
[Black "luke-skywalker"]
[Result "1-0"]
[ICCResult "Black checkmated"]
[WhiteElo "1997"]
[BlackElo "1668"]
[Opening "Giuoco Pianissimo"]
[ECO "C55"]
[NIC "IG.01"]
[Time "14:45:17"]
[TimeControl "180+0"]

1. e4 e5 2. Nf3 Nc6 3. Bc4 Nf6 4. d3 Bc5 5. c3 O-O 6. Bb3 d5 7. Qe2 a5 8. a4
Be6 9. Bc2 d4 10. Nbd2 Rb8 11. Nf1 Qd6 12. Ng3 b5 13. axb5 Rxb5 14. O-O Bg4
15. h3 Be6 16. Nh4 Rfb8 17. Nhf5 Qd7 18. Qf3 dxc3 19. bxc3 Ne7 20. Nh6+ Kh8
21. Ba4 c6 22. Bxb5 cxb5 23. Rxa5 Ng6 24. Bg5 Ne8 25. Nhf5 Nd6 26. Rfa1 Nxf5
27. Nxf5 Bxf5 28. exf5 Ne7 29. f6 Nd5 30. Ra8 Bd6 31. Qxd5 e4 32. Rxb8+ Bxb8
33. Qxd7 gxf6 34. Bxf6+ Kg8 35. Qe8# {Black checkmated} 1-0

[Event "ICCopen2016"]
[Site "Internet Chess Club"]
[Date "2016.06.04"]
[Round "5"]
[White "A4-H5"]
[Black "HEM"]
[Result "1-0"]
[ICCResult "Black resigns"]
[WhiteElo "1790"]
[BlackElo "1529"]
[Opening "Amar gambit"]
[ECO "A02"]
[NIC "VO.07"]
[Time "14:44:14"]
[TimeControl "180+0"]

1. f4 e5 2. Nh3 d5 3. g3 Bxh3 4. Bxh3 exf4 5. O-O fxg3 6. hxg3 Qg5 7. Kh2
Bd6 8. Rf3 Nf6 9. d3 Qh5 10. Kg2 Nbd7 11. Nc3 O-O-O 12. Nb5 g5 13. Nxd6+
cxd6 14. Rf5 Rhg8 15. Qf1 Ng4 16. Qf3 Nde5 17. Rxe5 {Black resigns} 1-0

[Event "ICCopen2016"]
[Site "Internet Chess Club"]
[Date "2016.06.04"]
[Round "5"]
[White "Indiana-Jones"]
[Black "AttackSparrow"]
[Result "1-0"]
[ICCResult "Black forfeits on time"]
[WhiteElo "2824"]
[BlackElo "2336"]
[Opening "English: symmetrical variation"]
[ECO "A38"]
[NIC "QP.11"]
[Time "14:44:24"]
[TimeControl "180+0"]

1. Nf3 Nf6 2. c4 c5 3. Nc3 g6 4. g3 Bg7 5. Bg2 Nc6 6. O-O d6 7. d4 cxd4 8.
Nxd4 Bd7 9. b3 O-O 10. Bb2 Qc8 11. Rc1 Bh3 12. Nd5 Bxg2 13. Kxg2 Qd7 14.
Nxc6 Qxc6 15. Bxf6 Bxf6 16. Kg1 Rfe8 17. Nxf6+ exf6 18. e3 Re5 19. Qd4 d5
20. Rfd1 dxc4 21. Rxc4 Qe6 22. Rc7 Ra5 23. Qd7 Rxa2 24. Qxe6 fxe6 25. Rdd7
a5 26. Rg7+ Kf8 27. Rxh7 Kg8 28. Rhg7+ Kf8 29. Rxg6 a4 30. Rxf6+ Kg8 31.
bxa4 R2xa4 32. Rg6+ Kf8 33. Rf6+ Kg8 34. Rxb7 R4a6 35. Re7 Kh8 36. Rexe6 Kg8
37. Rxa6 Rb8 38. Ra7 {Black forfeits on time} 1-0

[Event "ICCopen2016"]
[Site "Internet Chess Club"]
[Date "2016.06.04"]
[Round "5"]
[White "Blockader"]
[Black "Dodgy"]
[Result "0-1"]
[ICCResult "White resigns"]
[WhiteElo "1739"]
[BlackElo "2056"]
[Opening "Budapest: Rubinstein variation"]
[ECO "A52"]
[NIC "QG.01"]
[Time "14:44:05"]
[TimeControl "180+0"]

1. d4 Nf6 2. c4 e5 3. dxe5 Ng4 4. Bf4 Nc6 5. Nf3 Bb4+ 6. Nbd2 Qe7 7. a3
Ngxe5 8. Bxe5 Nxe5 9. Nxe5 Bxd2+ 10. Qxd2 Qxe5 11. e3 O-O 12. Bd3 d6 13. O-O
Be6 14. Qc2 h6 15. Rae1 a5 16. b4 axb4 17. axb4 Ra3 18. c5 Rc3 19. Qb1 dxc5
20. bxc5 Qxc5 21. Rc1 Rxc1 22. Rxc1 Qd6 23. Be2 Rb8 24. Qc2 c6 25. Qe4 Bd5
26. Qg4 Be6 27. Qg3 Qxg3 28. hxg3 Bd7 29. Rd1 Be8 30. Rb1 b5 31. f4 Kf8 32.
e4 Ke7 33. Kf2 c5 34. Ke3 Kd6 35. e5+ Kc6 36. Bf3+ Kc7 37. f5 Bc6 38. Be2 b4
39. Bf1 Bd5 40. Kf4 Kc6 41. f6 g5+ 42. Ke3 Re8 43. Ra1 Rxe5+ 44. Kd2 c4 45.
Ra6+ Kc5 46. g4 Kd4 47. Rd6 c3+ 48. Kd1 Kc5 49. Rd8 Bb3+ 50. Kc1 Re1+
{White resigns}
0-1

[Event "ICCopen2016"]
[Site "Internet Chess Club"]
[Date "2016.06.04"]
[Round "5"]
[White "Peretyatko"]
[Black "WhiteMoon"]
[Result "1-0"]
[ICCResult "Black resigns"]
[WhiteElo "2761"]
[BlackElo "2082"]
[Opening "Mieses opening"]
[ECO "A00"]
[NIC "VO.13"]
[Time "14:44:25"]
[TimeControl "180+0"]

1. d3 d5 2. g3 e5 3. e4 dxe4 4. dxe4 Qxd1+ 5. Kxd1 Bc5 6. f3 Nc6 7. c3 Nf6
8. Nd2 Be6 9. Bh3 Bxh3 10. Nxh3 Rd8 11. Ke2 Ke7 12. Nf2 Bxf2 13. Kxf2 Rd3
14. Ke2 Rhd8 15. Nc4 Ke6 16. a4 a6 17. Be3 R3d7 18. b4 h6 19. Nb2 Ne7 20.
Rhd1 Rxd1 21. Nxd1 Nc8 22. Nb2 Nd6 23. c4 Rd7 24. b5 Nc8 25. Nd3 b6 26. bxa6
Rd8 27. a5 bxa5 28. a7 Nb6 29. Rxa5 Ra8 30. Ra6 Nd7 31. c5 {Black resigns}
1-0

[Event "ICCopen2016"]
[Site "Internet Chess Club"]
[Date "2016.06.04"]
[Round "5"]
[White "panom"]
[Black "gmgattass"]
[Result "0-1"]
[ICCResult "White resigns"]
[WhiteElo "1661"]
[BlackElo "2213"]
[Opening "Sicilian: Najdorf"]
[ECO "B90"]
[NIC "SI.14"]
[Time "14:44:29"]
[TimeControl "180+0"]

1. e4 c5 2. Nf3 d6 3. d4 cxd4 4. Nxd4 Nf6 5. Nc3 a6 6. Be3 Ng4 7. Bc1 Nf6 8.
f3 b5 9. Be3 e6 10. Qd2 h5 11. O-O-O Nbd7 12. Rg1 Nb6 13. a3 Bb7 14. Qf2
Nfd7 15. g4 hxg4 16. fxg4 Ne5 17. Ndxb5 axb5 18. Bxb6 Qc8 19. Bxb5+ Bc6 20.
Bxc6+ Qxc6 21. Bd4 Nc4 22. Rgf1 Qb7 23. Nb1 Rb8 24. b3 Na5 25. Rd3 Rc8 26.
Rc3 Nc6 27. Be3 Ne5 28. Rxc8+ Qxc8 29. Bd4 Nd3+ {White resigns} 0-1

[Event "ICCopen2016"]
[Site "Internet Chess Club"]
[Date "2016.06.04"]
[Round "5"]
[White "DukeBishop"]
[Black "JUGGERNOT"]
[Result "0-1"]
[ICCResult "White forfeits on time"]
[WhiteElo "1609"]
[BlackElo "1817"]
[Opening "Scandinavian defense"]
[ECO "B01"]
[NIC "SD.03"]
[Time "14:43:56"]
[TimeControl "180+0"]

1. e4 d5 2. exd5 Nf6 3. Nf3 Nxd5 4. d4 Bg4 5. h3 Bh5 6. Be2 Qd6 7. O-O Nc6
8. Re1 O-O-O 9. c4 Nf4 10. Bxf4 Qxf4 11. d5 e6 12. Nc3 Bxf3 13. Bxf3 Nd4 14.
Re4 Nxf3+ 15. Qxf3 Qxf3 16. gxf3 exd5 17. Nxd5 Bd6 18. Rae1 c6 19. Nc3 h5
20. a3 g5 21. b4 f5 22. Re6 g4 23. c5 Bc7 24. fxg4 hxg4 25. hxg4 fxg4 26.
Ne4 Rh3 27. Nd6+ Kb8 28. Re7 Bxd6 29. cxd6 Rxd6 30. Rg7 Rh8 31. Ree7 b5 32.
Kg2 g3 33. Rb7+ Kc8 {White forfeits on time} 0-1

[Event "ICCopen2016"]
[Site "Internet Chess Club"]
[Date "2016.06.04"]
[Round "5"]
[White "Mandragora"]
[Black "mikado"]
[Result "0-1"]
[ICCResult "White resigns"]
[WhiteElo "1582"]
[BlackElo "2000"]
[Opening "Sicilian: accelerated fianchetto, exchange variation"]
[ECO "B34"]
[NIC "SI.33"]
[Time "14:44:54"]
[TimeControl "180+0"]

1. e4 c5 2. Nf3 Nc6 3. d4 cxd4 4. Nxd4 g6 5. Nxc6 bxc6 6. Be2 Bg7 7. c3 Rb8
8. O-O Nf6 9. Be3 Nxe4 10. Qc2 d5 11. f3 Nf6 12. Bxa7 Ra8 13. Bc5 Bf5 14.
Bd3 Bxd3 15. Qxd3 O-O 16. Re1 Re8 17. Na3 e5 18. Rad1 e4 19. fxe4 Nxe4 20.
Be3 Nxc3 21. bxc3 Rxa3 22. Bc5 Rxc3 23. Rxe8+ Qxe8 {White resigns} 0-1

[Event "ICCopen2016"]
[Site "Internet Chess Club"]
[Date "2016.06.04"]
[Round "5"]
[White "Colombiano07"]
[Black "xavielhumilde"]
[Result "0-1"]
[ICCResult "White resigns"]
[WhiteElo "1930"]
[BlackElo "1680"]
[Opening "Queen's pawn: London system"]
[ECO "A45"]
[NIC "QP.07"]
[Time "14:45:34"]
[TimeControl "180+0"]

1. d4 Nf6 2. Bf4 d5 3. e3 c5 4. Bd3 Nc6 5. c3 e6 6. Nd2 Be7 7. Ngf3 Nh5 8.
Bg3 c4 9. Bc2 Bd7 10. e4 h6 11. Ne5 Nxg3 12. hxg3 Nxe5 13. dxe5 Qb6 14. exd5
exd5 15. Rb1 O-O-O 16. O-O h5 17. b3 h4 18. bxc4 Qh6 19. g4 h3 20. Qf3 hxg2
21. Qxg2 Qxd2 22. Bf5 Bxf5 23. gxf5 Rh5 24. f4 Bc5+ 25. Rf2 Qxf2+ 26. Qxf2
Bxf2+ 27. Kxf2 dxc4 {White resigns} 0-1

[Event "ICCopen2016"]
[Site "Internet Chess Club"]
[Date "2016.06.04"]
[Round "5"]
[White "MorningRunner"]
[Black "Heinichess"]
[Result "1-0"]
[ICCResult "Black checkmated"]
[WhiteElo "2156"]
[BlackElo "1838"]
[Opening "Sicilian defense"]
[ECO "B40"]
[NIC "SI.43"]
[Time "14:45:00"]
[TimeControl "180+0"]

1. e4 c5 2. Nf3 e6 3. b3 d5 4. exd5 exd5 5. d4 Nf6 6. Bb5+ Bd7 7. Bxd7+
Nbxd7 8. O-O Be7 9. Re1 O-O 10. dxc5 Bxc5 11. Bb2 Ne4 12. Bd4 Qb6 13. c4
Rad8 14. cxd5 Ndf6 15. Bxc5 Qxc5 16. Qd4 Qxd5 17. Qxd5 Rxd5 18. Na3 h6 19.
Nc4 Rfd8 20. Ne3 Rd3 21. Rac1 Nd2 22. Ne5 R3d6 23. Rc7 Rf8 24. Rxb7 a5 25.
N5c4 Nxc4 26. Nxc4 Rd3 27. Ra7 Rfd8 28. Rxa5 Rd1 29. Kf1 Ne4 30. Rxd1 Rxd1+
31. Ke2 Nc3+ 32. Ke3 Re1+ 33. Kd3 Nd5 34. Rxd5 Rd1+ 35. Nd2 Kf8 36. a4 Ke7
37. a5 Ke6 38. Rd4 Ke5 39. Ra4 Rc1 40. a6 Rc8 41. a7 Ra8 42. Nc4+ Kd5 43.
Nb6+ Kc5 44. Nxa8 f5 45. Nc7 g5 46. a8=Q g4 47. Qd5+ Kb6 48. Ra6+ Kxc7 49.
Qd6+ Kb7 50. Qc6+ Kb8 51. Ra8# {Black checkmated} 1-0

[Event "ICCopen2016"]
[Site "Internet Chess Club"]
[Date "2016.06.04"]
[Round "5"]
[White "Antidrome"]
[Black "TitanRivas"]
[Result "1-0"]
[ICCResult "Black resigns"]
[WhiteElo "2609"]
[BlackElo "1857"]
[Opening "two knights: Max Lange attack"]
[ECO "C55"]
[NIC "KP.02"]
[Time "14:45:03"]
[TimeControl "180+0"]

1. e4 e5 2. Nf3 Nc6 3. Bc4 Nf6 4. d4 exd4 5. O-O Bc5 6. e5 d5 7. exf6 dxc4
8. fxg7 Rg8 9. Bg5 Qd5 10. Nc3 Qf5 11. Re1+ Be6 12. Ne4 Rxg7 13. Nh4 Qxg5
14. Nxg5 Rxg5 15. Nf3 Rg6 16. Ne5 Nxe5 17. Rxe5 Bd6 18. Rxe6+ fxe6 19. Qxd4
O-O-O 20. Qxa7 Rdg8 21. Qa8+ Kd7 22. Qxb7 {Black resigns} 1-0

[Event "ICCopen2016"]
[Site "Internet Chess Club"]
[Date "2016.06.04"]
[Round "5"]
[White "zelog"]
[Black "daskapitallesen"]
[Result "1-0"]
[ICCResult "Black checkmated"]
[WhiteElo "2121"]
[BlackElo "1792"]
[Opening "English opening"]
[ECO "A20"]
[NIC "EO.24"]
[Time "14:44:11"]
[TimeControl "180+0"]

1. c4 e5 2. g3 Nf6 3. Bg2 h6 4. Nf3 e4 5. Nd4 d5 6. cxd5 Qxd5 7. Nb3 Nc6 8.
Nc3 Qh5 9. Nxe4 Nxe4 10. Bxe4 Bd7 11. Bf3 Qh3 12. d3 O-O-O 13. Be3 Bb4+ 14.
Bd2 Bd6 15. Qc2 Rhe8 16. O-O-O g5 17. Kb1 g4 18. Bd5 Rxe2 19. Rdf1 f5 20.
Qd1 Rde8 21. Rhg1 Qxh2 22. Rh1 Qxf2 23. Rxf2 Rxf2 24. Re1 Bxg3 25. Rxe8+
Bxe8 26. Qg1 f4 27. Be1 Re2 28. Bxg3 fxg3 29. Qxg3 Nb4 30. Be4 Ba4 31. Qxg4+
Bd7 32. Qxe2 Nc6 33. Bxc6 bxc6 34. Nc5 Bf5 35. Qe8# {Black checkmated} 1-0